[Event "Czech Open-GM 2022"]
[Site "Pardubice"]
[Date "2022.07.23"]
[Round "2.41"]
[White "Czerw, Dawid"]
[Black "Roessler, Ulrike"]
[Result "0-1"]
[ECO "B51"]
[WhiteElo "2391"]
[BlackElo "2129"]
[Annotator "TA"]
[PlyCount "116"]
[EventDate "2022.07.22"]
[EventType "swiss"]
[EventCountry "CZE"]
[SourceTitle "playchess.com"]
[Source "ChessBase"]
[SourceQuality "1"]
[TimeControl "40/5400+30:1800+30"]

1. e4 c5 2. Nf3 d6 3. Bb5+ Nd7 4. O-O a6 5. Bd3 Ngf6 6. Re1 {[%emt 0:02:01] B51: Sicilian: Moscow Variation (3 Bb5+) without 3...Bd7.} e6 $1 {[%emt 0:01:36] The main line 6...e6 scores better than 6...b5.} 7. c3 b5 8. Bc2 {[%emt 0:01:54] The position is equal.} c4 9. a4 Bb7 10. d4 {[%emt 0:00:18] Inhibits Nc5.} cxd3 11. Qxd3 Nc5 12. Qe2 bxa4 13. Be3 {[%emt 0:00:24] [#] Hoping for Bxc5.} Nfd7 ({Don't take} 13... Ncxe4 14. Bxa4+ Nd7 15. Na3 $14) 14. Bd4 e5 15. Bxc5 (15. Be3 {looks sharper.} Bc6 16. c4 Rb8 17. Nc3) 15... Nxc5 16. Bxa4+ Nxa4 17. Rxa4 Be7 18. c4 O-O 19. Nc3 {[%emt 0:01:19] [#]} f5 $146 ({Predecessor:} 19... Bc6 20. Ra2 Qb8 21. Rea1 Qb7 22. c5 dxc5 23. Nxe5 Bb5 24. Nc4 Rfe8 25. Nd5 Bf8 {½-½ (39) Song,R (2478)-Can,E (2600) Caleta 2020}) 20. Rd1 (20. exf5 {is interesting.} Qd7 21. Nd2 Qxf5 22. Nde4) 20... Qe8 21. Raa1 fxe4 22. Nd2 Qg6 23. Ndxe4 Rf4 (23... a5 $14) 24. f3 $16 Raf8 25. Kh1 Rh4 26. g3 (26. Nd5 $16 Bd8 27. b4) 26... Rh6 27. Nd5 Bd8 28. b4 Qh5 29. Ra3 Qf7 30. Rad3 Kh8 31. b5 (31. Kg2 $14) 31... axb5 $11 32. cxb5 Rg6 33. Nec3 h5 34. Ne4 h4 35. g4 h3 36. Nec3 Ba5 {[%emt 0:01:34] A strong pair of Bishops.} 37. Qe4 $2 {[%emt 0:03:57] This move loses the game for White.} ({White must play} 37. Ne4 $15) 37... Rf6 $19 {[%emt 0:03:28] [#] aiming for ...Bxc3.} 38. Nxf6 $2 (38. f4) 38... Bxe4 39. Nfxe4 Bxc3 40. Nxc3 d5 41. Ne2 Rb8 (41... d4 $142 {...Qb7 is the strong threat.} 42. Ng1 Qb7) 42. f4 (42. Ng1 $142 Rxb5 43. Nxh3) 42... Rxb5 43. Rxh3+ Kg8 44. Rc1 Qb7 45. fxe5 d4+ 46. Kg1 Rb1 47. Kf2 Rxc1 48. Nxc1 {[%emt 0:00:02][%mdl 4096] Endgame KQ-KRN} Qb2+ 49. Ne2 Qd2 50. e6 Kf8 51. Rf3+ Ke7 {[%emt 0:00:31] Strongly threatening ...d3.} 52. Rf7+ Kxe6 53. Rf3 Kd6 ({Stronger than} 53... d3 54. Rxd3 Qb4 55. h3 $15) 54. Kf1 Qd1+ 55. Kf2 Qc2 {[%emt 0:01:56] ( -> ...d3)} 56. Kf1 d3 {[%emt 0:02:03] Black mates.} 57. Ng3 Ke5 58. Nh1 Qe2+ {[%emt 0:00:42] Weighted Error Value: White=0.94/Black=0.21 (precise)} 0-1

[Event "Czech Open-GM 2022"]
[Site "Pardubice"]
[Date "2022.07.23"]
[Round "2.42"]
[White "Elmi, Saad Abobaker"]
[Black "Butkiewicz, Lukasz"]
[Result "1-0"]
[ECO "B30"]
[WhiteElo "2123"]
[BlackElo "2370"]
[Annotator "TA"]
[PlyCount "131"]
[EventDate "2022.07.22"]
[EventType "swiss"]
[EventCountry "CZE"]
[SourceTitle "playchess.com"]
[Source "ChessBase"]
[SourceQuality "1"]
[TimeControl "40/5400+30:1800+30"]

1. e4 c5 2. Nf3 Nc6 3. Bb5 e6 4. O-O Nge7 5. Re1 a6 6. Bf1 d5 7. exd5 Nxd5 8. g3 {[%emt 0:01:13] B30: Sicilian: 2...Nc6 3 Bb5, lines without ...g6.} Be7 {[%emt 0:01:58] [#]} 9. a4 $146 ({Predecessor:} 9. Bg2 O-O 10. d4 Nf6 11. c3 cxd4 12. Nxd4 Nxd4 13. cxd4 Ra7 14. Nc3 b5 15. Qb3 Bb7 16. Bxb7 Rxb7 {½-½ (34) Fercec,N (2426)-Zaja,I (2461) Mali Losinj 2021}) 9... O-O 10. Bg2 {[%emt 0:00:25] The position is equal.} Bf6 11. Nc3 b6 12. Ne4 Bb7 13. Nxf6+ Qxf6 (13... gxf6 14. d4 $16) 14. d3 h6 15. Nd2 Rfd8 16. Ne4 Qe7 17. Bd2 Nd4 18. Rc1 (18. f3 $11) 18... f5 $17 19. Nc3 Nxc3 (19... Nb4 $17 20. f3 g5) 20. bxc3 $14 {[%emt 0:00:19] Bxb7 is the strong threat.} Bxg2 21. Kxg2 Nc6 22. Qf3 Qd6 23. Re2 Rf8 24. Rb1 Rab8 $1 25. Rbe1 (25. Qh5 {with more complications.} Rf6 26. Rbe1 c4 27. Bf4) 25... e5 26. Bf4 Rbe8 (26... exf4 27. Re6 Qc7 28. Rxc6 $16) 27. Bc1 Re7 28. Bb2 f4 29. g4 $1 Kh8 30. Re4 Rfe8 31. c4 Nd4 32. Bxd4 cxd4 33. Rb1 Qc5 34. Qd1 Re6 35. Qd2 h5 36. g5 Rf8 37. h4 f3+ 38. Kg3 Qc8 39. Kh2 Kh7 40. a5 bxa5 (40... b5 $1 $11 {keeps the balance.}) 41. Qxa5 $16 Qd7 {[%emt 0:09:23] [#]} (41... Qc6 $16 42. Qd5 (42. Rxe5 $2 Qd6 $19) 42... Rf5) 42. Qd5 $1 $18 (42. Rxe5 $2 Qd6 43. Rbe1 Rfe8 44. g6+ (44. c5 $2 Qb8 $19) 44... Kh8 $19) 42... Qxd5 43. cxd5 {[%emt 0:00:00][%mdl 4096] Endgame KRR-KRR} Ree8 (43... Re7 $142 44. Rbe1 Rf5) 44. Ra1 Rc8 45. Rxe5 (45. Rxa6 Rxc2 46. Kg3 (46. Rxe5 $2 Rxf2+ 47. Kg1 Rg2+ 48. Kf1 Rh2 $19) 46... Rc1 $14) 45... Rxc2 {[%emt 0:01:28] [#]} 46. Kg3 (46. Rxa6 $2 Rxf2+ 47. Kg1 Rg2+ 48. Kh1 (48. Kf1 $2 Rh2 $19) 48... Rg4 $19) 46... Rc5 47. Re4 (47. Rxa6 $6 Rc1 48. Ra2 Rg1+ 49. Kh2 Rg2+ 50. Kh3 Rg1 $18) 47... Rxd5 48. Rxa6 Rb5 49. Ra1 (49. Rxd4 $6 Rb1 $16) 49... Rd8 50. Re7 (50. Kxf3 $6 Rb3 $16) 50... Rb3 51. Rd1 ({Don't do} 51. Kxf3 $6 Rf8+ 52. Ke4 Rxf2 $14) ({White should try} 51. Ra6 $18) 51... Rf8 (51... Ra3 $16 {keeps fighting.} 52. Kxf3 Kg8) 52. Re4 (52. Rd7 $18 {has better winning chances.}) 52... Rd8 $16 53. Rf4 Rb2 54. Rxf3 Re8 (54... Rd7 $16) 55. Kg2 (55. Rc1 $18) 55... Ree2 $2 {[%emt 0:00:31] This move loses the game for Black.} (55... Rd8 $16 56. Ra1 Rb7) 56. Ra1 {[%emt 0:00:00] Black must now prevent Ra7.} Rb8 (56... Rb7 $142 57. Ra6 Reb2) 57. Ra7 $18 Rd2 58. Rd7 {[%emt 0:00:00] Inhibits Rd8.} ({Weaker is} 58. Rff7 Rg8 59. Rf6 Kh8 $18) 58... Rd1 59. Rxd4 Rbb1 (59... Kg8 $142 60. Rd7 Rb4) 60. Rf7 Rh1 61. Rdd7 Rxh4 62. Rxg7+ Kh8 63. Rg6 Rb5 (63... Rg4+ {was called for.} 64. Kf3 Rb8 65. Rh6+ Kg8 66. Rxh5 Rg1) 64. f3 Rf5 65. Rdg7 (65. d4 $142) 65... Rhf4 $2 (65... Rf8 $18 66. Rd7 Rhf4 67. Rh6+ Kg8) 66. Rg8+ {[%emt 0:00:11] Weighted Error Value: White=0.21 (precise) /Black=0.39} 1-0

[Event "Czech Open-GM 2022"]
[Site "Pardubice"]
[Date "2022.07.23"]
[Round "2.43"]
[White "Stalmach, Richard"]
[Black "Hajiyev, Kanan"]
[Result "1-0"]
[ECO "D96"]
[WhiteElo "2363"]
[BlackElo "2142"]
[Annotator "TA"]
[PlyCount "49"]
[EventDate "2022.07.22"]
[EventType "swiss"]
[EventCountry "CZE"]
[SourceTitle "playchess.com"]
[Source "ChessBase"]
[SourceQuality "1"]
[TimeControl "40/5400+30:1800+30"]

1. d4 d5 2. c4 c6 3. Nc3 Nf6 4. Nf3 g6 5. cxd5 cxd5 6. Bf4 Bg7 7. e3 O-O 8. h3 Nc6 9. Be2 Ne4 10. Rc1 {[%emt 0:00:32] D90: Grünfeld: 4 Nf3 Bg7 sidelines.} Re8 11. O-O Nxc3 12. Rxc3 {[%emt 0:00:50] [#] White is slightly better.} e5 $146 ({Predecessor:} 12... a6 13. a3 Be6 14. Qb3 Na5 15. Qa2 Rc8 16. Rfc1 Rxc3 17. Rxc3 Nc4 18. Ng5 b5 19. Nxe6 fxe6 {1-0 (43) Sosulin,E (2272)-Mitrofanov,A (2278) Tula 2000}) 13. dxe5 (13. Nxe5 {seems wilder.} Nxe5 14. dxe5 Bxe5 15. Bxe5 Rxe5 16. Bf3) 13... Nxe5 14. Nxe5 Bxe5 15. Bxe5 Rxe5 16. Bf3 Qh4 ({Black should try} 16... Qg5) 17. Bxd5 $16 Bxh3 $2 {[%emt 0:02:53] This move loses the game for Black.} (17... Be6 $16) 18. f4 (18. Bxb7 Rd8 19. Rd3 Rxd3 20. Qxd3 Be6 $16) 18... Bg4 $2 (18... Rxd5 19. Qxd5 Rd8) 19. Bxf7+ $1 $18 Kf8 20. Qd4 ({Not} 20. Qd6+ Re7 $18) 20... Rh5 21. Bd5 {[%emt 0:00:56] [#] Intending Qh8+ and mate.} ({Weaker is} 21. Rc7 Qh2+ 22. Kf2 Qh4+ 23. Kg1 Qh2+ 24. Kf2 Qh4+ 25. Kg1 $11) 21... Qh2+ 22. Kf2 {[%emt 0:00:05] Qf6+ would kill now.} Qh4+ 23. g3 {[%emt 0:00:06] Threatening mate with Rc7.} Qh2+ (23... Rxd5 $18 24. gxh4 Rxd4) 24. Bg2 {[%emt 0:00:05] White threatens Rc7 and mate.} Bh3 {[%emt 0:01:00] [#]} 25. Rg1 $1 {[%emt 0:01:13] Weighted Error Value: White=0.71/Black=0.84} 1-0

[Event "Czech Open-GM 2022"]
[Site "Pardubice"]
[Date "2022.07.23"]
[Round "2.44"]
[White "Dwilewicz, Katarzyna"]
[Black "Malek, Daniel"]
[Result "1/2-1/2"]
[ECO "B15"]
[WhiteElo "2131"]
[BlackElo "2355"]
[Annotator "TA"]
[PlyCount "86"]
[EventDate "2022.07.22"]
[EventType "swiss"]
[EventCountry "CZE"]
[SourceTitle "playchess.com"]
[Source "ChessBase"]
[SourceQuality "1"]
[TimeControl "40/5400+30:1800+30"]

1. e4 c6 2. d4 d5 3. Nc3 dxe4 4. Nxe4 Nf6 5. Nxf6+ exf6 6. c3 Bd6 7. Bd3 O-O 8. Qc2 {[%emt 0:00:08] Active counter play!} Re8+ {[%emt 0:00:07] B15: Caro-Kann: 3 Nc3: 3...g6 and 3...dxe4 4 Nxe4 Nf6 5 Nxf6+ exf6.} 9. Ne2 h5 10. Be3 Nd7 11. O-O-O Nf8 12. c4 Be6 13. Kb1 Rc8 14. Nc3 Bb4 15. Ne4 Be7 16. Rhe1 b5 {[%emt 0:02:35] [#]} 17. Nc5 $146 ({Predecessor:} 17. c5 f5 18. Nc3 b4 19. Ne2 Qd5 20. b3 Qd7 21. Ba6 Bd5 22. Nf4 Be4 23. Bd3 Bxd3 24. Nxd3 {½-½ (30) Manon,R (2164)-Zia,T (2235) Dhaka 2022}) 17... Bxc5 18. dxc5 {[%emt 0:00:09][%cal Od3h7] Black must now prevent Bh7+!} Qa5 19. a3 bxc4 20. Bxc4 Bxc4 21. Qxc4 Ng6 22. h3 Ne5 23. Qc2 Rb8 24. Ka2 Qb5 ({Black should play} 24... Ng6 $11) 25. Bf4 $1 $14 a5 26. Re4 Rb7 (26... Re7 $14) 27. Bxe5 fxe5 28. Rxe5 $40 {[%emt 0:03:47][%mdl 128] White attacks.} Qxb2+ $11 29. Qxb2 Rxb2+ 30. Kxb2 Rxe5 $16 {[%emt 0:00:07][%mdl 4096] Endgame KR-KR} 31. Rc1 $1 f6 32. Kb3 Kf7 $2 (32... Re4 $1 $11 {and Black is okay.}) 33. Ka4 $1 $18 Re2 34. Kxa5 Rxf2 $2 (34... Rb2) 35. Kb6 Rxg2 36. Kxc6 {[%emt 0:00:05] Threatens to win with Kd7.} Rg3 37. a4 (37. Ra1 $142 {Hoping for a4.} Ke7 38. Kc7) 37... Rxh3 38. a5 (38. Ra1 $142 Re3 39. a5) 38... Ra3 39. Kb6 $1 Rb3+ {[%emt 0:00:09] [#]} 40. Kc7 $2 (40. Ka6 $1 $18) 40... Ra3 $11 41. Kb6 $2 (41. c6 $11 Rxa5 42. Kb7 Rb5+ 43. Ka6) 41... Rb3+ $18 {[%emt 0:06:03] [#]} 42. Kc7 $2 ({White must play} 42. Ka6 $1 $18 {And now c6 would win.} Ke7 43. Rd1) 42... Ra3 $11 43. Kb6 $2 (43. Kb7 $11 Rxa5 44. c6 Rb5+ 45. Ka6) 43... Rb3+ {[%emt 0:01:12][%mdl 32768] Weighted Error Value: White=0.40/Black=0.46. An unexpected result.} 1/2-1/2

[Event "Czech Open-GM 2022"]
[Site "Pardubice"]
[Date "2022.07.24"]
[Round "3.1"]
[White "Harsha Bharathakoti"]
[Black "Nemec, Jachym"]
[Result "1-0"]
[ECO "D43"]
[WhiteElo "2547"]
[BlackElo "2357"]
[Annotator "TA"]
[PlyCount "59"]
[EventDate "2022.07.22"]
[EventType "swiss"]
[EventCountry "CZE"]
[SourceTitle "playchess.com"]
[Source "ChessBase"]
[SourceQuality "1"]
[TimeControl "40/5400+30:1800+30"]

1. d4 d5 2. c4 c6 3. Nf3 Nf6 4. Nc3 e6 5. Bg5 h6 6. Bxf6 Qxf6 7. e3 g6 8. Ne5 {[%emt 0:01:10] D43: Semi-Slav: 5 Bg5 h6.} Bg7 9. f4 O-O 10. h4 {[%emt 0:03:08] [#] White has an edge.} Nd7 $146 ({Predecessor:} 10... c5 11. Qd2 Nc6 12. O-O-O Rd8 13. g4 cxd4 14. exd4 dxc4 15. Qe3 Qe7 16. Bxc4 Bd7 {½-½ (51) Adhiban,B (2639)-Robson,R (2670) Douglas 2019}) 11. Qd2 Qe7 12. O-O-O Rd8 13. Qf2 a5 14. h5 Nxe5 15. fxe5 Bd7 (15... f6 $11 {remains equal.}) 16. hxg6 $16 fxg6 17. Qg3 g5 18. Bd3 a4 19. a3 {[%emt 0:02:46] White is more active.} Rf8 {[%emt 0:03:47] [#] Prevents Qf2.} (19... dxc4 $16 20. Bb1 c5) 20. Qg4 $1 $18 b5 21. cxb5 cxb5 {[%emt 0:00:06] [#]} 22. Na2 {[%emt 0:00:02] Against b4} ({And not} 22. Bxb5 Rac8 23. Bxd7 Rxc3+ 24. bxc3 Qxa3+ 25. Kd2 Qa2+ 26. Kd3 Qc4+ 27. Kd2 Qa2+ 28. Kc1 Qa3+ 29. Kd2 Qa2+ $11) ({But not} 22. Nxb5 $6 Bxb5 23. Bxb5 Rfc8+ 24. Kb1 Rab8 $16) 22... Rf2 23. Nb4 $40 {[%emt 0:00:18][%mdl 128] Black is in trouble.} Raf8 24. Kb1 Qd8 25. Rh3 Qc7 $2 (25... R8f7 {is tougher.} 26. Rdh1 Qf8) 26. Rc1 {[%emt 0:00:14] White is clearly winning.} Qd8 27. Rch1 R8f7 28. Rxh6 {[%emt 0:00:20] Black must now prevent Qh5.} Bxh6 29. Rxh6 {[%emt 0:00:03] White wants to mate with Qh5.} Qf8 30. Qh5 {[%emt 0:00:31] Weighted Error Value: White=0.04 (flawless) /Black=0.39} 1-0

[Event "Czech Open-GM 2022"]
[Site "Pardubice"]
[Date "2022.07.24"]
[Round "3.2"]
[White "Stachowiak, Kamil"]
[Black "Kusa, Jakub"]
[Result "1-0"]
[ECO "D37"]
[WhiteElo "2476"]
[BlackElo "2353"]
[Annotator "TA"]
[PlyCount "97"]
[EventDate "2022.07.22"]
[EventType "swiss"]
[EventCountry "CZE"]
[SourceTitle "playchess.com"]
[Source "ChessBase"]
[SourceQuality "1"]
[TimeControl "40/5400+30:1800+30"]

1. d4 Nf6 2. Nf3 e6 3. c4 d5 4. Nc3 Be7 5. Bg5 Nbd7 6. e3 h6 7. Bh4 O-O 8. cxd5 Nxd5 9. Bg3 Nxc3 10. bxc3 b6 11. Bd3 Bb7 12. O-O Nf6 {[%emt 0:03:56] D58: Queen's Gambit Declined: Tartakower Defence.} 13. Nd2 c5 {[%emt 0:08:49] [#]} 14. Qa4 $146 ({Predecessor:} 14. Rc1 Qd7 15. Be5 cxd4 16. cxd4 Rfc8 17. Qe2 Rxc1 18. Rxc1 Rc8 19. Rf1 Qd8 20. f4 {½-½ (36) Siradze,S (2069)-Francis,O (1698) Kazan 2013}) 14... a6 {[%emt 0:11:24] Black has an edge.} 15. Rfc1 b5 16. Qd1 b4 17. Nb3 bxc3 18. Nxc5 Bxc5 19. dxc5 {[%emt 0:00:11] Hoping for Bd6.} Qd5 {[%emt 0:02:08][%csl Gb7,LRc5,LRg2][%cal Rd5g2] [#]} 20. Bf1 {[%emt 0:00:49] Threatens to win with Qxd5. This bishop pair is nice.} ({Reject} 20. Qf3 Qxd3 21. Qxb7 Rfc8 $15) 20... Ne4 (20... Qxc5 $2 21. Bd6 Qc6 22. Bxf8 Rxf8 23. Qd4 $18) (20... Qxd1 $11 {keeps the balance.} 21. Rxd1 Ne4) 21. Qxd5 $16 {[%emt 0:02:27] White leaves nothing to chance now.} exd5 22. f3 Nd2 (22... Nxg3 $16 23. hxg3 Bc6) 23. Be2 $18 Rfe8 24. Kf2 Bc6 25. Rxc3 Bb5 (25... f5 $142 26. Rd1 Nc4 27. Bxc4 dxc4 28. Rxc4 Re7) 26. Bxb5 axb5 27. Rd3 Nc4 28. c6 ({But not} 28. Rxd5 Nxe3 29. Rd7 Nc2 $16) 28... Ne5 29. Rxd5 Nxc6 30. Rxb5 Ra3 31. Rb3 Ra4 32. a3 Ne5 33. Rc1 Ra5 34. Rc7 Rd8 35. Ke2 {[%emt 0:02:16] Against Rd2+} Rad5 36. Rc2 {[%emt 0:00:31] Inhibits Rd2+.} Nd3 $2 (36... Ra8 37. e4 Rda5) 37. Rb8 Rxb8 38. Bxb8 {[%emt 0:00:02][%mdl 4096] Endgame KRB-KRN} Nc5 39. e4 Rg5 40. Ke3 Ne6 41. e5 {[%emt 0:30:18] White is clearly winning.} Rh5 42. a4 Rxh2 43. a5 Rh1 44. Ra2 {[%emt 0:00:29] [#] Against Ra1. And now a6 would win.} Re1+ 45. Kf2 Rb1 46. Bd6 {[%emt 0:00:06] Black must now prevent a6.} Rb7 47. a6 Ra7 48. Ke3 Ra8 49. Ke4 {[%emt 0:00:33] Weighted Error Value: White=0.11 (very precise) /Black=0.35} 1-0

[Event "Czech Open-GM 2022"]
[Site "Pardubice"]
[Date "2022.07.24"]
[Round "3.3"]
[White "Brodowski, Piotr"]
[Black "Vojta, Jakub"]
[Result "1-0"]
[ECO "A04"]
[WhiteElo "2450"]
[BlackElo "2326"]
[Annotator "TA"]
[PlyCount "69"]
[EventDate "2022.07.22"]
[EventType "swiss"]
[EventCountry "CZE"]
[SourceTitle "playchess.com"]
[Source "ChessBase"]
[SourceQuality "1"]
[TimeControl "40/5400+30:1800+30"]

1. Nf3 c5 2. c4 Nc6 3. Nc3 g6 4. d4 cxd4 5. Nxd4 Bg7 6. Nb3 d6 {[%emt 0:06:27] A35: Symmetrical English: 2 Nc3 Nc6 3 Nf3.} 7. g3 Be6 8. Nd5 Nf6 {Black is slightly better.} 9. Bg2 O-O 10. O-O Rc8 11. Bg5 Nd7 12. Qd2 Bxd5 13. cxd5 Nce5 {[%emt 0:00:06][%cal Bc6e5,Be5c4,Bc4b2][%mdl 32] [#]} 14. Rac1 $146 ({Predecessor:} 14. Qb4 h6 15. Be3 Nc4 16. Bd4 Bxd4 17. Nxd4 Qb6 18. Qxb6 Ncxb6 19. Rfc1 a6 20. b3 Rfd8 21. Kf1 Ne5 22. Ke1 {½-½ (22) Gousseinov,E-Kovchan,A (2350) Istanbul 1998}) 14... Nc4 15. Qb4 (15. Qf4 $5 Ndb6 16. Nd4 $11) 15... Ndb6 16. Na5 Nxb2 17. Nxb7 {[%emt 0:11:08] White is more active.} Qd7 18. Na5 h6 19. Be3 {[%emt 0:01:30] This bishop pair is nice.} N6a4 $2 {[%emt 0:07:25] [#] Loses the game.} (19... Qa4 $16 20. Qxa4 N2xa4) 20. Nc6 $18 Rc7 21. Rc2 Rb7 22. Qd2 Kh7 23. Bd4 Bxd4 24. Qxd4 ({But not} 24. Nxd4 $6 Rc8 25. Nc6 Rcc7) 24... Qf5 25. e4 Qf6 26. Qd2 Rc8 (26... Qg7 $142 27. e5 dxe5) 27. f4 Rcc7 28. Bh3 {[%emt 0:06:52] [#] aiming for e5.} Qh8 (28... Qg7 29. f5 g5) 29. e5 {[%emt 0:01:00] Hoping for f5.} f5 30. g4 fxg4 31. Bxg4 Qg7 32. Kh1 Rb5 33. f5 dxe5 34. fxg6+ Kh8 35. Be6 {[%emt 0:01:19] Weighted Error Value: White=0.08 (flawless) /Black=0.63} (35. d6 $142 Rxc6 36. d7 Rxg6 37. d8=Q+ Kh7 38. Bf5 Rb8 39. Qxb8 Nc5 40. Qe8) 1-0

[Event "Czech Open-GM 2022"]
[Site "Pardubice"]
[Date "2022.07.24"]
[Round "3.4"]
[White "Dixit, Nikhil"]
[Black "Pantzar, Milton"]
[Result "1/2-1/2"]
[ECO "B11"]
[WhiteElo "2325"]
[BlackElo "2447"]
[Annotator "TA"]
[PlyCount "61"]
[EventDate "2022.07.22"]
[EventType "swiss"]
[EventCountry "CZE"]
[SourceTitle "playchess.com"]
[Source "ChessBase"]
[SourceQuality "1"]
[TimeControl "40/5400+30:1800+30"]

1. e4 c6 2. Nc3 d5 3. Nf3 Bg4 4. h3 Bxf3 5. Qxf3 e6 6. d4 Nf6 7. exd5 {[%emt 0:11:28] B11: Caro-Kann: Two Knights Variation.} cxd5 8. Bd3 Nc6 9. Ne2 h6 10. O-O Bd6 11. c3 O-O 12. Ng3 (12. Nf4 {is interesting.} Re8 13. Nh5 Nxh5 14. Qxh5 e5 15. dxe5 Bxe5 16. Qf5) 12... Re8 {[%emt 0:03:46] [#]} 13. Bf4 $146 (13. Nh5 {feels hotter.} Nxh5 14. Qxh5 Qf6 15. Bd2) ({Predecessor:} 13. Bd2 e5 14. Nh5 Nxh5 15. Qxh5 e4 16. Bc2 Bc7 17. Rae1 Qd6 18. g3 Rad8 19. Bb3 {0-1 (65) Skawinski,A (2358)-Livaic,L (2514) Pardubice 2021}) 13... Bxf4 14. Qxf4 Rb8 15. a4 Qb6 16. Qd2 Na5 17. Rae1 Qb3 18. Re3 Nc4 (18... Qxa4 19. Rf3 Ne4 20. Bxe4 (20. Nxe4 dxe4 21. Bxe4 Nc4 $16) 20... dxe4 21. Nxe4 $16) 19. Bxc4 Qxc4 20. Rf3 $1 Ne4 (20... Qxa4 $2 21. Rxf6 $1 Qd7 22. Nh5 $1 $18) 21. Nxe4 dxe4 22. Rg3 {[%emt 0:00:08] aiming for Qxh6.} Kh7 23. Qf4 $36 {[%emt 0:03:49][%csl LRe4,LRf7][%mdl 2048] White fights for an advantage.} f5 24. Qe5 g6 (24... Rg8 $14) 25. f3 $16 (25. Qf6 Rg8 $14) 25... b5 (25... exf3 $16 26. Rfxf3 (26. Qf6 Rg8 $14) 26... Rg8) 26. fxe4 {[%emt 0:03:43][%cal Ob2b3] Strongly threatening b3!} ({Much less strong is} 26. Qf6 Rg8 $16) 26... bxa4 27. Rf4 {[%emt 0:03:39] Intending Rh4 and mate.} ({Much worse is} 27. exf5 $6 exf5 28. Qd6 Qf7 $11) 27... Rg8 28. Rh4 {[%emt 0:05:45] White threatens exf5 and mate.} g5 {[%emt 0:01:28] [#]} 29. Qf6 $1 gxh4 $11 (29... Rg6 30. Qf7+) 30. Qf7+ Kh8 31. Qf6+ {[%emt 0:00:32] Weighted Error Value: White=0.08 (flawless) /Black=0.10 (very precise)} 1/2-1/2

[Event "Czech Open-GM 2022"]
[Site "Pardubice"]
[Date "2022.07.24"]
[Round "3.5"]
[White "Paseka, Matyas"]
[Black "Moksh Amit Doshi"]
[Result "0-1"]
[ECO "B90"]
[WhiteElo "2218"]
[BlackElo "2409"]
[Annotator "TA"]
[PlyCount "76"]
[EventDate "2022.07.22"]
[EventType "swiss"]
[EventCountry "CZE"]
[SourceTitle "playchess.com"]
[Source "ChessBase"]
[SourceQuality "1"]
[TimeControl "40/5400+30:1800+30"]

1. e4 c5 2. Nf3 d6 3. d4 cxd4 4. Nxd4 Nf6 5. Nc3 a6 6. Be3 e5 7. Nb3 Be6 8. f3 Be7 9. Qd2 O-O 10. O-O-O Nbd7 11. g4 b5 12. g5 Nh5 $1 {[%emt 0:00:06][%cal Bf6h5,Bh5f4,Bf4d3][%mdl 4] now scores much better than the old 12...b4.} 13. Nd5 Bxd5 {[%emt 0:09:49] B90: Sicilian Najdorf: Unusual White 6th moves, 6 Be3 Ng4 and 6 Be3 e5.} 14. exd5 f6 15. gxf6 Bxf6 {[%emt 0:01:48] The position is equal.} 16. Na5 Nf4 17. Nc6 Qe8 18. Bd3 {[%emt 0:25:30] [#]} (18. Qb4 $11) 18... Nxd3+ $146 ({Predecessor:} 18... Bg5 19. Kb1 Kh8 20. Be4 Nf6 21. Rhg1 Bh6 22. Bxf4 Bxf4 23. Qb4 Qd7 24. a4 Be3 {0-1 (59) Martinez Fernandez,A (2268)-Esipenko,A (2589) Barcelona 2018}) 19. Qxd3 Qh5 20. Rhg1 {[%emt 0:01:18] Against Bg5} (20. h4 $1 $15) 20... Qxf3 21. Rdf1 e4 22. Rxf3 exd3 23. c3 Rae8 24. Rfg3 Rf7 {[%emt 0:08:55] Strongly threatening ...Bh4.} 25. Kd2 Bh4 (25... Be5 $17 26. R3g2 g6) 26. Rh3 $15 Bf2 27. Rg2 {[%emt 0:00:16] [#]} Nf6 $1 {[%emt 0:00:30][%cal Of6d5] The board is on fire.} 28. Kxd3 {[%emt 0:05:49] [#]} (28. Nb4 Re5) 28... Nxd5 $1 29. Bd2 Be1 $36 {[%emt 0:02:25][%mdl 2048] Hoping for ...Bxd2. Black is pushing. Black is more active.} 30. Re2 {[%emt 0:01:56] Now White is beyond hope.} (30. Kc2 $15) 30... Rxe2 $19 31. Kxe2 Bxd2 32. Kxd2 {[%emt 0:00:05][%mdl 4096] Endgame KRN-KRN} Rf2+ 33. Kc1 $2 (33. Ke1 Rxb2 34. Rd3 Rb1+ 35. Kd2) 33... Nf4 34. Re3 Rxh2 35. Nb4 $2 (35. Re8+ Kf7 36. Re7+ Kf8 37. Ra7) 35... h5 {[%emt 0:03:14][%cal Bh7h5,Bh5h4][%mdl 32] Black is clearly winning.} 36. Nxa6 h4 {[%emt 0:00:05] White must now prevent ...h3.} 37. c4 bxc4 38. a4 Nd3+ {[%emt 0:00:08] Weighted Error Value: White=0.96/Black=0.04 (flawless)} 0-1